 Dungeon Crawl Stone Soup version 0.26-a0-497-g0187308201 (webtiles) character file.

Game seed: 8129067811846238424

108 fasse2k the Chiller (level 4, -5/32 HPs)
             Began as a Gnoll Ice Elementalist on Aug 6, 2020.
             Slain by Grinder (6 damage)
             ... while paralysed by Grinder
             ... on level 3 of the Dungeon.
             The game lasted 00:05:02 (2766 turns).

fasse2k the Chiller (Gnoll Ice Elementalist)        Turns: 2766, Time: 00:05:03

Health: -5/32      AC:  2    Str: 10    XL:     4   Next: 87%
Magic:  9/11       EV:  2    Int: 19    God:
Gold:   120        SH:  0    Dex: 15    Spells: 9/13 levels left

rFire    . . .     SeeInvis .   e - +0 dagger (speed)
rCold    . . .     Faith    .   (no shield)
rNeg     . . .     Spirit   .   a - +0 robe
rPois    .         Reflect  .   (no helmet)
rElec    .         Harm     .   (no cloak)
rCorr    .                      (no gloves)
MR       .....                  (no boots)
Stlth    +++.......             (no amulet)
HPRegen  0.10/turn              (no ring)
MPRegen  0.12/turn              (no ring)

@: paralysed, frozen ramparts
A: distributed training, fangs 1, strong nose
a: no special abilities


You were on level 3 of the Dungeon.
You visited 1 branch of the dungeon, and saw 3 of its levels.

You collected 120 gold pieces.

Inventory:

Hand Weapons
 e - a +0 dagger of speed (weapon)
Armour
 a - a +0 robe (worn)
Scrolls
 b - a scroll of remove curse {unknown}
 d - 2 scrolls of teleportation {unknown}
Potions
 c - a potion of lignification {unknown}
 f - a potion of magic {unknown}


   Skills:
 + Level 1.2 Fighting
 + Level 1.2 Short Blades
 + Level 1.2 Long Blades
 + Level 1.2 Axes
 + Level 1.2 Maces & Flails
 + Level 1.2 Polearms
 + Level 1.2 Staves
 + Level 1.2 Slings
 + Level 1.2 Bows
 + Level 1.2 Crossbows
 + Level 1.2 Throwing
 + Level 1.2 Armour
 + Level 4.7 Dodging
 + Level 4.3 Stealth
 + Level 1.2 Shields
 + Level 1.2 Unarmed Combat
 + Level 5.1 Spellcasting
 + Level 1.0 Conjurations
 + Level 1.0 Hexes
 + Level 1.0 Summonings
 + Level 1.0 Necromancy
 + Level 1.0 Translocations
 + Level 1.0 Transmutations
 + Level 1.0 Fire Magic
 + Level 7.1 Ice Magic
 + Level 1.0 Air Magic
 + Level 1.0 Earth Magic
 + Level 1.0 Poison Magic
 + Level 1.4 Invocations
 + Level 1.2 Evocations


You had 9 spell levels left.
You knew the following spells:

 Your Spells              Type           Power        Failure   Level
a - Freeze                Ice            ####         1%          1
b - Frozen Ramparts       Ice            ####..       1%          3

Your spell library contained the following spells:

 Spells                   Type           Power        Failure   Level
 Ozocubu's Armour         Ice            ####....     1%          3
 Hailstorm                Conj/Ice       ###.....     22%         4
 Summon Ice Beast         Ice/Summ       ###.....     22%         4


Dungeon Overview and Level Annotations

Branches:
Dungeon (3/15)

Altars:

Annotations:
D:3 Grinder


Innate Abilities, Weirdness & Mutations

Your experience applies equally to all skills.
You have very sharp teeth.
Your uncanny sense of smell can sniff out nearby items.


Message History

You suddenly lose the ability to move!
Grinder completely resists.
The wall freezes Grinder but do no damage.
Grinder completely resists.
The wall freezes Grinder but do no damage.
Grinder resists.
The wall freezes Grinder.
Grinder hits you!
You writhe in agony.
* * * LOW HITPOINT WARNING * * *
Grinder completely resists.
The wall freezes Grinder but do no damage.
Grinder hits you.
* * * LOW HITPOINT WARNING * * *
You writhe in agony.
* * * LOW HITPOINT WARNING * * *
Grinder completely resists.
The wall freezes Grinder but do no damage.
Grinder hits you.
* * * LOW HITPOINT WARNING * * *
You writhe in agony.
You die...

8.8.8.8. # 8...8...
#.### ######## ....#
######.##### #..
#..##..........###..
#....####..........
###...........###.#
#5..#.....(.# #.#
###@##........## #.#
#.......#####††###.#
#####..####.).......
#...........#..##...
...###...............
# ###########.##..
#..... ####.. #..


You could see Grinder.

Vanquished Creatures
  3 gnolls (D:2)
  2 adders (D:2)
  An ooze (D:3)
  A worm (D:2)
  3 leopard geckos
  2 giant cockroaches
  4 hobgoblins
  5 jackals (D:2)
  6 bats
  4 frilled lizards
  7 goblins
  9 kobolds
  7 rats
54 creatures vanquished.

Notes
Turn   | Place    | Note
-------+----------+-------------------------------------------
     0 | D:1      | fasse2k the Gnoll Ice Elementalist began the quest for the
                  | Orb.
     0 | D:1      | Reached XP level 1. HP: 13/13 MP: 6/6
   598 | D:1      | Reached XP level 2. HP: 19/19 MP: 5/7
  1159 | D:2      | Reached XP level 3. HP: 25/25 MP: 9/9
  1164 | D:2      | Learned a level 3 spell: Frozen Ramparts
  1173 | D:2      | Reached skill level 5 in Spellcasting
  1309 | D:2      | Reached skill level 1 in Invocations
  1748 | D:2      | Reached skill level 1 in Fighting
  1748 | D:2      | Reached skill level 1 in Short Blades
  1748 | D:2      | Reached skill level 1 in Long Blades
  1748 | D:2      | Reached skill level 1 in Axes
  1748 | D:2      | Reached skill level 1 in Maces & Flails
  1748 | D:2      | Reached skill level 1 in Polearms
  1748 | D:2      | Reached skill level 1 in Staves
  1748 | D:2      | Reached skill level 1 in Slings
  1748 | D:2      | Reached skill level 1 in Bows
  1748 | D:2      | Reached skill level 1 in Crossbows
  1748 | D:2      | Reached skill level 1 in Throwing
  1748 | D:2      | Reached skill level 1 in Armour
  1748 | D:2      | Reached skill level 1 in Shields
  1748 | D:2      | Reached skill level 1 in Unarmed Combat
  1748 | D:2      | Reached skill level 1 in Evocations
  1748 | D:2      | Reached XP level 4. HP: 5/32 MP: 7/11
  2257 | D:2      | Reached skill level 1 in Conjurations
  2257 | D:2      | Reached skill level 1 in Hexes
  2257 | D:2      | Reached skill level 1 in Summonings
  2257 | D:2      | Reached skill level 1 in Necromancy
  2257 | D:2      | Reached skill level 1 in Translocations
  2257 | D:2      | Reached skill level 1 in Transmutations
  2257 | D:2      | Reached skill level 1 in Fire Magic
  2257 | D:2      | Reached skill level 1 in Air Magic
  2257 | D:2      | Reached skill level 1 in Earth Magic
  2257 | D:2      | Reached skill level 1 in Poison Magic
  2752 | D:3      | Noticed Grinder
  2761 | D:3      | Paralysed by Grinder for 6 turns
  2766 | D:3      | HP: 1/32 [Grinder (2)]
  2766 | D:3      | Slain by Grinder

Illustrated notes

Levels and vault maps discovered:
D:1:      dpeg_cavernosity, layout_basic
D:2:      layout_loops_cross
D:3:      layout_rooms, okawaru_ov_weapons_minmay, small_statue_alley_b,
          wander_ebering_terrifying_dragon_lair, uniq_crazy_yiuf_cottage,
          uniq_grinder, uniq_jessica

Skill      XL: |  1  2  3  4 |
---------------+-------------+-----
Spellcasting   | 5 |  5.1
Invocations    | 1 |  1.4
Fighting       | 1 |  1.2
Short Blades   | 1 |  1.2
Long Blades    | 1 |  1.2
Axes           | 1 |  1.2
Maces & Flails | 1 |  1.2
Polearms       | 1 |  1.2
Staves         | 1 |  1.2
Slings         | 1 |  1.2
Bows           | 1 |  1.2
Crossbows      | 1 |  1.2
Throwing       | 1 |  1.2
Armour         | 1 |  1.2
Shields        | 1 |  1.2
Unarmed Combat | 1 |  1.2
Evocations     | 1 |  1.2
Conjurations   | 1 |  1.0
Hexes          | 1 |  1.0
Summonings     | 1 |  1.0
Necromancy     | 1 |  1.0
Translocations | 1 |  1.0
Transmutations | 1 |  1.0
Fire Magic     | 1 |  1.0
Air Magic      | 1 |  1.0
Earth Magic    | 1 |  1.0
Poison Magic   | 1 |  1.0
Dodging        | |  4.7
Stealth        | |  4.3
Ice Magic      | |  7.1

Action                   |  1- 3 |  4- 6 || total
-------------------------+-------+-------++-------
Melee: Short sword       |     2 |       ||     2
       Dagger            |    20 |    39 ||    59
       Bite              |     1 |     5 ||     6
 Cast: Freeze            |    29 |    15 ||    44
       Frozen Ramparts   |     3 |     4 ||     7
 Stab: Sleeping          |     5 |     5 ||    10
Armor: Robe              |     2 |     4 ||     6
Dodge: Dodged            |    31 |    22 ||    53

Table legend: (Time is in decaauts)
 A = Elapsed time spent in this place.
 B = Non-inter-level travel time spent in this place.
 C = Inter-level travel time spent in this place.
 D = Time resting spent in this place.
 E = Time spent auto-exploring this place.
 F = Levels seen in this place.
 G = Mean time per level.
                   A        B        C        D        E       F      G
               +--------+--------+--------+--------+--------+-----+--------+
         Total |   2743 |   2673 |     70 |      0 |   2346 |   3 |  914.3 |
       Dungeon |   2743 |   2673 |     70 |      0 |   2346 |   3 |  914.3 |
               +--------+--------+--------+--------+--------+-----+--------+

Top non-repeatable levels by time:
     D:2: 1295 daAuts
     D:1: 1153 daAuts
     D:3: 294 daAuts
